 Dungeon Crawl Stone Soup version 0.31-a0-664-g902f515a81 (webtiles) character file.

Game seed: 10192088506859896667

3578 Xavori the Covert (level 10, -7/75 HPs)
             Began as an Octopode Chaos Knight on Sept 3, 2023.
             Was a Plaything of Xom.
             Mangled by a yak (15 damage)
             ... on level 8 of the Dungeon.
             The game lasted 00:07:02 (8176 turns).

Xavori the Covert (Octopode Chaos Knight)           Turns: 8176, Time: 00:07:03

Health: -7/75      AC:  5    Str:  8 (10) XL:     10   Next: 10%
Magic:  17/17      EV: 21    Int: 17 (18) God:    Xom [*.....]
Gold:   516        SH:  0    Dex: 16      Spells: 7/10 levels left

rFire   + + .        A - +4 short sword
rCold   . . .        (no shield)
rNeg    + . .        (helmet restricted)
rPois   +            k - amulet of regeneration
rElec   .            i - ring of magical power
rCorr   .            l - +5 ring of evasion
SInv    .            o - +4 ring of slaying
Will    .....        r - ring of positive energy
Stlth   +++++        z - +4 ring of protection
HPRegen 1.12/turn    y - ring of poison resistance
MPRegen 0.15/turn    (no ring)
                     (no ring)

%: no passive effects
@: slowed, very slow
A: almost no armour, amphibious, 8 rings, camouflage 1, gelatinous body 1,
(nimble swimmer 1), tentacles, tentacle spike 1, clever 1, deterioration 1, fire
resistance 2, low MP 2, sense surroundings 1, robust 1, evolution 1
a: Renounce Religion


You were on level 8 of the Dungeon.
You worshipped Xom.
You were a special plaything of Xom.
You visited 1 branch of the dungeon, and saw 8 of its levels.

You collected 516 gold pieces.

Inventory:

Hand Weapons
 a - a +0 short sword of chaos
 g - a +1 dagger of venom
 A - a +4 short sword (weapon)
Jewellery
 i - a ring of magical power (left tentacle)
 k - an amulet of regeneration (around mantle)
 l - a +5 ring of evasion (right tentacle)
 o - a +4 ring of slaying (on tentacle)
 r - a ring of positive energy (on tentacle)
 y - a ring of poison resistance (on tentacle)
 z - a +4 ring of protection (on tentacle)
Wands
 f - a wand of paralysis (17)
 q - a wand of digging (7)
 s - a wand of flame (33)
 u - a wand of polymorph (13)
Scrolls
 b - a scroll of butterflies
 c - 3 scrolls of identify
 d - a scroll of vulnerability
 j - a scroll of enchant weapon
 x - 2 scrolls of torment
Potions
 e - 2 potions of attraction {unknown}
 v - 3 potions of curing


   Skills:
 + Level 6.9 Fighting
 + Level 7.8 Short Blades
 + Level 6.7 Dodging
 + Level 9.9 Stealth
 + Level 4.2 Unarmed Combat
 * Level 0.7 Spellcasting
 * Level 0.9 Conjurations
 * Level 0.9 Hexes
 * Level 8.6 Evocations


You had 7 spell levels left.
You knew the following spells:

 Your Spells              Type           Power      Damage    Failure   Level
a - Dazzling Flash        Conj/Hex       6%         N/A       41%         3

Your spell library contained the following spells:

 Spells                   Type           Power      Damage    Failure   Level
 Wereblood                Tmut           0%         N/A       32%         2
 Portal Projectile        Hex/Tloc       4%         N/A       47%         3
 Call Canine Familiar     Summ           0%         N/A       54%         3
 Leda's Liquefaction      Hex/Erth       1%         N/A       87%         4
 Agony                    Necr           0%         N/A       99%         5
 Irradiate                Conj/Tmut      1%         3d12      99%         5
 Lee's Rapid Deconstruct  Erth           0%         3d4*      99%         5
 Silence                  Hex/Air        1%         N/A       99%         5
 Leda's Unmaking          Conj/Erth      1%         9d1       100%        6


Dungeon Overview and Level Annotations

Branches:
Dungeon (8/15)             Temple (0/1) D:6
   Lair: D:8-11

Altars:
Dithmenos
Elyvilon
Fedhas
Gozag
Hepliaklqana
Qazlal
Trog
Xom


Innate Abilities, Weirdness & Mutations

You cannot wear most types of armour.
You are amphibious.
You can wear up to eight rings at the same time.
Your skin changes colour to match your surroundings (Stealth+).
Your rubbery body absorbs attacks. (AC +1, EV +1)
((You are camouflaged when in or above water. (Stealth+)))
You have tentacles for arms and can constrict up to eight enemies at once.
One of your tentacles bears a spike.
Your mind is acute. (Int +4, Str/Dex -1)
Your body sometimes deteriorates upon taking damage.
Your flesh is very heat resistant. (rF++)
Your magical capacity is very low. (-20% MP)
You passively map a small area around you.
You are robust. (+10% HP)
You have hidden genetic potential.


Message History

You kill the wyvern!
The hornet completely misses you.
Unknown command.
Okay, then.
Okay, then.
You hit the hornet. You grab the hornet.
You tentacle-slap the hornet, but do no damage.
You squeeze the hornet.
The hornet is moderately wounded.
You constrict the hornet, but do no damage.
The hornet stings you.
* * * LOW HITPOINT WARNING * * *
The kobold completely misses you. The kobold hits you but does no damage.
The yak gores you!
* * * LOW HITPOINT WARNING * * *
Unknown command.
You puncture the yak!
The yak is lightly wounded.
You constrict the hornet, but do no damage.
The hornet closely misses you. The kobold completely misses you.
Unknown command.
You hit the yak.
You pierce the yak.
You squeeze the yak!
The yak is severely wounded.
You constrict the hornet, but do no damage.
The yak gores you!
* * * LOW HITPOINT WARNING * * *
The kobold closely misses you. The yak completely misses you.
The hornet stings you.
* * * LOW HITPOINT WARNING * * *
You feel yourself slow down.
You hit the hornet but do no damage.
Your tentacle spike misses the hornet.
You squeeze the hornet.
The hornet is heavily wounded.
You constrict the hornet. The hornet stings you!
You die... "Just one more try."
Xom revives you! The kobold hits you but does no damage. The yak gores you!
You die...
Xom roars with laughter!

### #### ####...P. ##..
##..### #####......._
.##...##..>..# #..........P.
.......#....## #........#...
.............#####......###..
**
.......K._...#..##...........
......_..#.K.................
.....l######KK.........###...
..K.K. , #@K.........#.....
K.......K.YYyY...(.......#...
,
...Y..#....KY................
,


KKY., ###.................††† ...Y *###.................. , ,
#.............#.... , .............##.... * ............. #.... * , , ....###...
You could see 4 yaks, a hornet shaped shifter, a kobold brigand and 5 kobolds.

Vanquished Creatures
  Sigmund (D:2)
  2 wyverns
  2 steam dragons (D:7)
  A water moccasin (D:7)
  2 sky beasts
  A black bear (D:6)
  2 phantoms
  3 scorpions
  4 wights (D:8)
  6 killer bees (D:8)
  3 electric eels (D:6)
  2 gnoll boudas
  2 hounds
  A jelly (D:5)
  An orc priest (D:7)
  4 iguanas
  A sleepcap (D:6)
  8 orc wizards
  Robin (D:2)
  10 gnolls
  7 adders
  An ufetubus (D:7)
  A worm (D:3)
  9 dart slugs (D:6)
  15 orcs
  4 ball pythons
  4 bats
  9 endoplasms
  4 giant cockroaches
  15 goblins
  3 hobgoblins
  5 jackals (D:3)
  4 quokkas
  5 frilled lizards
  6 kobolds
  A rat (D:1)
150 creatures vanquished.

Vanquished Creatures (collateral kills)
  An orc (D:7)
1 creature vanquished.

Vanquished Creatures (others)
  An orc (D:7)
1 creature vanquished.

Grand Total: 152 creatures vanquished

Notes
Turn   | Place    | Note
-------+----------+-------------------------------------------
     0 | D:1      | Xavori the Octopode Chaos Knight began the quest for the
                  | Orb.
     0 | D:1      | Reached XP level 1. HP: 16/16 MP: 1/1
    63 | D:1      | XOM: silly message
   375 | D:1      | Reached XP level 2. HP: 18/21 MP: 2/2
   375 | D:1      | XOM: silly message
   674 | D:1      | XOM: cloud trail
  1142 | D:2      | XOM: smoke on damage
  1151 | D:2      | Reached XP level 3. HP: 17/26 MP: 3/3
  1237 | D:1      | XOM: give mutations
  1237 | D:1      | Gained mutation: You are partially covered in iridescent
                  | scales. (AC +2) [Xom's mischief]
  1237 | D:1      | Gained mutation: You are mostly covered in iridescent
                  | scales. (AC +4) [Xom's mischief]
  1237 | D:1      | Gained mutation: Potions are less effective at restoring
                  | your health. [Xom's mischief]
  2533 | D:1      | XOM: cloud trail
  2636 | D:1      | XOM is BORED!
  2636 | D:1      | XOM: torment (14/26 hp)
  2798 | D:1      | XOM: divination: detect items
  2862 | D:1      | XOM: give mutation
  2862 | D:1      | Gained mutation: Your magical capacity is low. (-10% MP)
                  | [Xom's mischief]
  3050 | D:1      | XOM: divination: detect items
  3293 | D:1      | XOM: give mutations
  3293 | D:1      | Gained mutation: Your flesh is heat resistant. (rF+) [Xom's
                  | mischief]
  3293 | D:1      | Lost mutation: Potions are less effective at restoring your
                  | health. [Xom's mischief]
  3293 | D:1      | Lost mutation: You are mostly covered in iridescent scales.
                  | (AC +4) [Xom's mischief]
  3293 | D:1      | Gained mutation: Your flesh is cold resistant. (rC+) [Xom's
                  | mischief]
  3586 | D:1      | XOM: give mutations
  3586 | D:1      | Gained mutation: You passively map a small area around you.
                  | [Xom's grace]
  3586 | D:1      | Gained mutation: Your system is resistant to poisons.
                  | (rPois) [Xom's grace]
  3586 | D:1      | Gained mutation: Your natural rate of healing is unusually
                  | fast. [Xom's grace]
  3586 | D:1      | Gained mutation: One of your tentacles bears a spike.
                  | [Xom's grace]
  3775 | D:1      | XOM: scenery: create altars
  3953 | D:2      | Identified the +1 robe of Decompression {Str+2}
  3986 | D:2      | Reached skill level 1 in Stealth
  4000 | D:2      | Reached XP level 4. HP: 22/32 MP: 3/3
  4018 | D:2      | Noticed Robin
  4038 | D:2      | Reached skill level 1 in Evocations
  4041 | D:2      | XOM: enchant monster (good)
  4044 | D:2      | Killed Robin
  4115 | D:2      | Noticed Sigmund
  4138 | D:2      | Killed Sigmund
  4139 | D:2      | Reached skill level 3 in Stealth
  4139 | D:2      | Reached XP level 5. HP: 33/37 MP: 4/4
  4139 | D:2      | Reached XP level 6. HP: 38/43 MP: 5/5
  4448 | D:3      | Found a faded altar of an unknown god.
  4584 | D:3      | XOM: polymorph orc -> jackal
  4776 | D:3      | XOM: summons 1 hostile demon
  4857 | D:3      | Found a white marble altar of Elyvilon.
  5184 | D:4      | Reached skill level 4 in Stealth
  5239 | D:4      | Found a hazy altar of Hepliaklqana.
  5494 | D:4      | Reached XP level 7. HP: 48/48 MP: 6/6
  5595 | D:4      | XOM: give mutations
  5595 | D:4      | Gained mutation: You are agile. (Dex +4, Str/Int -1) [Xom's
                  | grace]
  5595 | D:4      | Gained mutation: Your flesh is very heat resistant. (rF++)
                  | [Xom's grace]
  5681 | D:5      | Entered Level 5 of the Dungeon
  5805 | D:5      | Reached skill level 5 in Stealth
  5867 | D:5      | Found an opulent altar of Gozag.
  5965 | D:5      | XOM: smoke on damage
  6069 | D:5      | Reached skill level 5 in Short Blades
  6196 | D:5      | XOM: give mutations
  6196 | D:5      | Gained mutation: Your body sometimes deteriorates upon
                  | taking damage. [Xom's mischief]
  6196 | D:5      | Lost mutation: Your system is resistant to poisons. (rPois)
                  | [Xom's mischief]
  6256 | D:5      | XOM: give mutations
  6256 | D:5      | Lost mutation: You are partially covered in iridescent
                  | scales. (AC +2) [Xom's mischief]
  6256 | D:5      | Lost mutation: You are agile. (Dex +4, Str/Int -1) [Xom's
                  | mischief]
  6256 | D:5      | Gained mutation: You are robust. (+10% HP) [Xom's mischief]
  6256 | D:5      | Lost mutation: Your flesh is cold resistant. (rC+) [Xom's
                  | mischief]
  6399 | D:5      | Reached skill level 6 in Stealth
  6589 | D:6      | XOM: potion effect (experience)
  6589 | D:6      | Reached skill level 9 in Stealth
  6589 | D:6      | Reached XP level 8. HP: 63/63 MP: 7/7
  6598 | D:6      | Reached XP level 9. HP: 49/69 MP: 8/8
  6644 | D:6      | XOM: god gift: 48 gold pieces
  6657 | D:6      | XOM: silly message
  6709 | D:6      | XOM: smoke on damage
  6767 | D:6      | XOM: enchant monster (good)
  6928 | D:6      | Found a staircase to the Ecumenical Temple.
  6940 | D:6      | XOM: 1-stop teleportation journey
  7024 | D:6      | Found a shadowy altar of Dithmenos.
  7137 | D:6      | XOM is BORED!
  7137 | D:6      | XOM: give mutations
  7137 | D:6      | Lost mutation: Your natural rate of healing is unusually
                  | fast. [Xom's mischief]
  7137 | D:6      | Gained mutation: Your mind is acute. (Int +4, Str/Dex -1)
                  | [Xom's mischief]
  7137 | D:6      | Gained mutation: Your magical capacity is very low. (-20%
                  | MP) [Xom's mischief]
  7137 | D:6      | Gained mutation: You have hidden genetic potential. [Xom's
                  | mischief]
  7540 | D:7      | XOM: 1-stop teleportation journey
  7545 | D:7      | XOM: summons 2 friendly demons
  7677 | D:7      | Found a bloodstained altar of Trog.
  7757 | D:7      | Found a stormy altar of Qazlal.
  7957 | D:7      | Learned a level 3 spell: Dazzling Flash
  8079 | D:8      | XOM: cleaving
  8081 | D:8      | XOM: swap monsters
  8083 | D:8      | Reached XP level 10. HP: 68/75 MP: 8/8
  8110 | D:8      | Found a blossoming altar of Fedhas.
  8142 | D:8      | XOM: scenery: create altars
  8158 | D:8      | XOM: polymorph yak -> shapeshifter
  8165 | D:8      | HP: 1/75 [hornet (shapeshifter) (9)]
  8175 | D:8      | HP: 3/75 [hornet (shapeshifter) (3)]
  8176 | D:8      | Xom revived you
  8176 | D:8      | Mangled by a yak

Illustrated notes

Levels and vault maps discovered:
D:1:      psy_arrival_wood_between_worlds, layout_basic, grunt_decor_clamped
D:2:      layout_basic, uniq_robin, uniq_sigmund
D:3:      layout_loops_cross, nicolae_overflow_ecumenical_swirl,
          chequers_arboretum, nicolae_figureground_pulse
D:4:      layout_basic, general_overflow_altar
D:5:      layout_gridville, mainiacjoe_overflow_concentric_impassable,
          kennysheep_another_room, amcnicky_mini_pool_small
D:6:      kennysheep_slugbush, layout_cave_pods, lemuel_doored_altar,
          minmay_temple_entry_glass
D:7:      layout_cave_pools, nicolae_qazlal_style_of_elements,
          mainiacjoe_overflow_small_starburst, serial_column_ruins,
          column_ruins_columns_straight, column_ruins_columns_straight,
          column_ruins_columns_straight, column_ruins_open_tiny,
          column_ruins_corridor_straight, column_ruins_corridor_straight
D:8:      layout_cave_pools, fedhas_altar_1

Skill      XL: |  1  2  3  4  5  6  7 |
---------------+----------------------+-----
Stealth        | 1 3 4 9 |  9.9
Evocations     | 2 8 |  8.6
Fighting       | 4 6 |  6.9
Short Blades   | 4 7 |  7.8
Dodging        | 3 6 |  6.7
Unarmed Combat | 4 |  4.2
Spellcasting   | |  0.7
Conjurations   | |  0.9
Hexes          | |  0.9

Action                     |  1- 3 |  4- 6 |  7- 9 | 10-12 || total
---------------------------+-------+-------+-------+-------++-------
  Melee: Short sword       |    59 |    37 |    29 |    20 ||   145
         Constrict         |    13 |    22 |    50 |     5 ||    90
         Tentacles         |    10 |    24 |    45 |     5 ||    84
         Kick              |     7 |    31 |    75 |     9 ||   122
         Dagger            |       |    75 |   162 |       ||   237
         Punch             |       |       |     2 |     1 ||     3
    Use: Potion            |       |       |     2 |     6 ||     8
         Scroll            |       |       |       |     5 ||     5
   Stab: Sleeping          |     3 |    14 |     7 |       ||    24
         Petrifying        |       |     1 |       |       ||     1
         Distracted        |       |     2 |     3 |       ||     5
 Armour: Skin              |    22 |    42 |    77 |    33 ||   174
  Dodge: Dodged            |    27 |    49 |   147 |    78 ||   301

Table legend: (Time is in decaauts)
 A = Elapsed time spent in this place.
 B = Non-inter-level travel time spent in this place.
 C = Inter-level travel time spent in this place.
 D = Time resting spent in this place.
 E = Time spent auto-exploring this place.
 F = Levels seen in this place.
 G = Mean time per level.
                   A        B        C        D        E       F      G
               +--------+--------+--------+--------+--------+-----+--------+
         Total |   8069 |   7859 |    210 |   2856 |   4111 |   8 | 1008.6 |
       Dungeon |   8069 |   7859 |    210 |   2856 |   4111 |   8 | 1008.6 |
               +--------+--------+--------+--------+--------+-----+--------+

Top non-repeatable levels by time:
     D:1: 3822 daAuts
     D:5: 871 daAuts
     D:6: 814 daAuts
     D:3: 781 daAuts
     D:4: 596 daAuts
     D:7: 543 daAuts
     D:2: 444 daAuts
     D:8: 195 daAuts
